 Dungeon Crawl Stone Soup version 0.32-a0-768-g0f6f1dd4b9 (webtiles) character file.

Game seed: 11645036612785121867

556 Griffin23 the Trooper (level 7, -1/62 HPs)
             Began as a Minotaur Fighter on Mar 18, 2024.
             Killed from afar by an acid dragon (19 damage)
             ... with a splash of acid
             ... on level 5 of the Dungeon.
             The game lasted 00:06:07 (4348 turns).

Griffin23 the Trooper (Minotaur Fighter)            Turns: 4348, Time: 00:06:07

Health: -1/62      AC: 12    Str: 22    XL:     7   Next: 8%
Magic:  6/6        EV: 12    Int:  5    God:
Gold:   196        SH:  4    Dex: 10    Spells: 6/6 levels left

rFire   . . .        a - +0 long sword
rCold   . . .        c - +0 buckler
rNeg    . . .        n - +0 chain mail
rPois   .            (helmet restricted)
rElec   .            (no cloak)
rCorr   .            (no gloves)
SInv    .            (no boots)
Will    .....        (no amulet) Stlth
                     f - +5 ring of evasion
HPRegen 0.30/turn    (no ring)
MPRegen 0.10/turn

%: no passive effects
@: no status effects
A: horns 2, retaliatory headbutt, iridescent scales 1
a: no special abilities


You were on level 5 of the Dungeon.
You visited 1 branch of the dungeon, and saw 5 of its levels.

You collected 196 gold pieces.

Inventory:

Hand Weapons
 a - a +0 long sword (weapon)
Armour
 b - a +0 scale mail
 c - a +0 buckler (worn)
 n - a +0 chain mail (worn)
Jewellery
 f - a +5 ring of evasion (left hand)
 o - an amulet of magic regeneration
 t - an amulet of guardian spirit
 x - an amulet of faith
Wands
 s - a wand of flame (10)
Scrolls
 h - 2 scrolls of revelation {unknown}
 i - 2 scrolls of teleportation
 m - 3 scrolls of amnesia {unknown}
 p - 2 scrolls of blinking {unknown}
 q - 3 scrolls of identify {unknown}
 r - 2 scrolls of fog {unknown}
 u - 3 scrolls of enchant weapon {unknown}
 w - 3 scrolls of poison {unknown}
Potions
 d - 2 potions of might
 e - 2 potions of curing {unknown}
 g - a potion of invisibility {unknown}
 j - a potion of haste
 k - a potion of mutation
 l - a potion of attraction {unknown}
 v - a potion of enlightenment {unknown}
 z - a potion of ambrosia {unknown}


   Skills:
 + Level 5.8 Fighting
 + Level 5.1 Long Blades
 + Level 5.8 Armour
 + Level 5.7 Shields


You had 6 spell levels left.
You didn't know any spells.
Your spell library contained the following spells:

 Spells                   Type           Power      Damage    Failure   Level
 Static Discharge         Conj/Air       0%         3-3/arc   99%         2
 Dazzling Flash           Conj/Hex       0%         N/A       100%        3
 Mephitic Cloud           Conj/Alch/Air  0%         N/A       100%        3
 Airstrike                Air            0%         2d(0-16)  100%        4
 Summon Lightning Spire   Summ/Air       0%         N/A       100%        4
 Curse of Agony           Necr           0%         N/A       100%        5
 Silence                  Hex/Air        0%         N/A       100%        5


Dungeon Overview and Level Annotations

Branches:
Dungeon (5/15)
 Temple: D:4-7

Altars:
Trog
Zin


Innate Abilities, Weirdness & Mutations

You have a pair of horns on your head.
You reflexively headbutt those who attack you in melee.
You are partially covered in iridescent scales. (AC +2)


Message History

The ogre closely misses you.
You hit the ogre.
You kill the ogre!
The hound bites you but does no damage.
Your Long Blades skill increases to level 5!
You have reached level 7!
It was a potion of mutation.
You feel extremely strange.
Iridescent scales grow over part of your body.
You block the hound's attack.
You are too injured to fight recklessly!
You hit the hound.
You headbutt the hound, but do no damage.
The hound is moderately wounded.
The hound closely misses you. You furiously retaliate!
You headbutt the hound.
The orc grunts loudly.
The hound misses you.
You hit the hound.
The hound is heavily wounded.
The hound bites you but does no damage. The hound bites you.
* * * LOW HITPOINT WARNING * * *
You closely miss the hound.
The hound is heavily wounded.
The hound closely misses you.
You barely miss the hound. You headbutt the hound.
The hound is heavily wounded.
The hound bites you but does no damage. The hound barely misses you.
You furiously retaliate!
You headbutt the hound!
You kill the hound!
You barely miss the acid dragon. You headbutt the acid dragon.
The acid dragon is lightly wounded.
You block the acid dragon's attack. The acid dragon misses you.
You hit the acid dragon.
The acid dragon is lightly wounded.
You block the acid dragon's attack.
The acid dragon claws you but does no damage.
You hit the acid dragon. Your headbutt misses the acid dragon.
The acid dragon is lightly wounded.
The acid dragon spits acid at you. The splash of acid hits you!!
You die...

. ..# ≈# ..# ≈# .... ## ≈≈##
≈.≈ ≈≈## ...≈ .≈≈##
....≈##.≈≈# .. $...hoD...+ ≈.#
##@≈≈#.. ≈≈.# ##.≈≈##.. #≈≈.#
##.≈≈##.# .# #≈≈.#
##.≈≈##..####...#
#≈≈.###.≈≈##.....##...######
#≈≈.#.≈≈##......##........# #
#≈≈.≈≈##.......#.......... ...
##≈.≈##.##................
.....##'##.).+................


You could see an acid dragon (catching breath), a hound and an orc.

Vanquished Creatures
  A black bear (D:4)
  An ogre (D:5)
  A scorpion (D:4)
  A bombardier beetle (D:5)
  A hound (D:5)
  An orc priest (D:3)
  An iguana (D:4)
  An orc wizard (D:3)
  5 adders
  2 shadow imps (D:5)
  3 ribbon worms
  3 dart slugs (D:1)
  18 orcs
  8 ball pythons
  7 bats
  7 endoplasms
  A giant cockroach (D:4)
  3 goblins
  4 hobgoblins
  5 kobolds
  6 quokkas
  4 frilled lizards (D:2)
  4 rats
88 creatures vanquished.

Notes
Turn   | Place    | Note
-------+----------+-------------------------------------------
     0 | D:1      | Griffin23 the Minotaur Fighter began the quest for the Orb.
     0 | D:1      | Reached XP level 1. HP: 19/19 MP: 0/0
   170 | D:1      | Reached XP level 2. HP: 21/27 MP: 1/1
   937 | D:2      | Reached XP level 3. HP: 25/33 MP: 2/2
  1166 | D:2      | Reached XP level 4. HP: 31/41 MP: 3/3
  2390 | D:3      | Reached XP level 5. HP: 35/47 MP: 4/4
  2985 | D:4      | Reached skill level 5 in Fighting
  2985 | D:4      | Reached skill level 5 in Armour
  2985 | D:4      | Reached skill level 5 in Shields
  3056 | D:4      | Noticed a black bear
  3065 | D:4      | Killed a black bear
  3066 | D:4      | Reached XP level 6. HP: 51/56 MP: 5/5
  3210 | D:4      | Found a bloodstained altar of Trog.
  3625 | D:5      | Entered Level 5 of the Dungeon
  3625 | D:5      | Noticed a troll
  4291 | D:5      | Found a glowing silver altar of Zin.
  4332 | D:5      | Noticed an acid dragon
  4341 | D:5      | Reached skill level 5 in Long Blades
  4341 | D:5      | Reached XP level 7. HP: 17/62 MP: 6/6
  4341 | D:5      | Gained mutation: You are partially covered in iridescent
                  | scales. (AC +2) [potion of mutation]
  4348 | D:5      | Killed from afar by an acid dragon

Illustrated notes

Levels and vault maps discovered:
D:1:      minmay_arrival_wavy_path, layout_basic
D:2:      layout_loops_ring
D:3:      layout_basic, serial_aquarium, aquarium_bridge_island_small
          [aquarium_subvault_small_open, aquarium_subvault_bridge,
          aquarium_subvault_bridge, aquarium_subvault_balcony,
          aquarium_subvault_window], aquarium_bridge_square
          [aquarium_subvault_wall, aquarium_subvault_balcony,
          aquarium_subvault_balcony, aquarium_subvault_bridge],
          aquarium_window_corridor_3, aquarium_window_fake, aquarium_view_2e,
          aquarium_view_2e, st_stairs_6, minmay_misc_feat_chi
D:4:      layout_loops_ring, amcnicky_altar_gilded
D:5:      layout_basic, zin_statuary, kennysheep_diamond,
          dreamdust_princess_bridge, nicolae_sextant

Skill      XL: |  1  2  3  4  5  6 |
---------------+-------------------+-----
Fighting       | 4 5 |  5.8
Armour         | 4 5 |  5.8
Shields        | 4 5 |  5.7
Long Blades    | 3 4 5 |  5.1

Action                     |  1- 3 |  4- 6 |  7- 9 || total
---------------------------+-------+-------+-------++-------
  Melee: Long sword        |    97 |   137 |     7 ||   241
         Headbutt          |    16 |    15 |     3 ||    34
    Use: Scroll            |       |     2 |       ||     2
         Potion            |       |     1 |     1 ||     2
 Armour: Scale mail        |    66 |       |       ||    66
         Chain mail        |    24 |    80 |     5 ||   109
  Dodge: Dodged            |    41 |   107 |     5 ||   153
  Block: Buckler           |    26 |    29 |     3 ||    58

Table legend: (Time is in decaauts)
 A = Elapsed time spent in this place.
 B = Non-inter-level travel time spent in this place.
 C = Inter-level travel time spent in this place.
 D = Time resting spent in this place.
 E = Time spent auto-exploring this place.
 F = Levels seen in this place.
 G = Mean time per level.
                   A        B        C        D        E       F      G
               +--------+--------+--------+--------+--------+-----+--------+
         Total |   4394 |   4264 |    130 |    464 |   3196 |   5 |  878.8 |
       Dungeon |   4394 |   4264 |    130 |    464 |   3196 |   5 |  878.8 |
               +--------+--------+--------+--------+--------+-----+--------+

Top non-repeatable levels by time:
     D:3: 1151 daAuts
     D:4: 1145 daAuts
     D:1: 940 daAuts
     D:2: 921 daAuts
     D:5: 236 daAuts
